 Dungeon Crawl Stone Soup version 0.27.1-4-g1640c2035a (webtiles) character file.

Game seed: 13239375215298426423

5 zeram the Caller (level 1, 0/13 HPs)
             Began as a Gnoll Summoner on Nov 13, 2021.
             Constricted to death by a ball python (1 damage)
             ... on level 1 of the Dungeon.
             The game lasted 00:00:25 (369 turns).

zeram the Caller (Gnoll Summoner)                    Turns: 369, Time: 00:00:26

Health: 0/13       AC:  2    Str:  7    XL:     1   Next: 80%
Magic:  6/6        EV:  5    Int: 14    God:
Gold:   0          SH:  9    Dex: 12    Spells: 8/9 levels left

rFire    . . .     SeeInvis .   b - +0 spear
rCold    . . .     Faith    .   d - +0 tower shield
rNeg     . . .     Spirit   .   a - +0 robe
rPois    .         Reflect  .   (no helmet)
rElec    .         Harm     .   (no cloak)
rCorr    .         Rampage  .   (no gloves)
Will     .....                  (no boots)
Stlth    ++........             (no amulet)
HPRegen  0.04/turn              (no ring)
MPRegen  0.10/turn              (no ring)

@: constricted
A: fangs 1, strong nose, distributed training
a: no special abilities


You were on level 1 of the Dungeon.
You visited 1 branch of the dungeon, and saw 1 of its levels.

Inventory:

Hand Weapons
 b - a +0 spear (weapon)
Armour
 a - a +0 robe (worn)
 d - a +0 tower shield (worn)
Scrolls
 c - a scroll of vulnerability {unknown}
 f - a scroll of noise {unknown}
Potions
 e - 2 potions of might {unknown}


   Skills:
 + Level 0.1 Fighting
 + Level 0.1 Short Blades
 + Level 0.1 Long Blades
 + Level 0.1 Axes
 + Level 0.1 Maces & Flails
 + Level 0.1 Polearms
 + Level 0.1 Staves
 + Level 0.1 Slings
 + Level 0.1 Bows
 + Level 0.1 Crossbows
 + Level 0.1 Throwing
 + Level 0.1 Armour
 + Level 4.4 Dodging
 + Level 4.0 Stealth
 + Level 0.1 Shields
 + Level 0.1 Unarmed Combat
 + Level 4.9 Spellcasting
 + Level 0.1 Conjurations
 + Level 0.1 Hexes
 + Level 7.0 Summonings
 + Level 0.1 Necromancy
 + Level 0.1 Translocations
 + Level 0.1 Transmutations
 + Level 0.1 Fire Magic
 + Level 0.1 Ice Magic
 + Level 0.1 Air Magic
 + Level 0.1 Earth Magic
 + Level 0.1 Poison Magic
 + Level 0.2 Invocations
 + Level 0.1 Evocations


You had 8 spell levels left.
You knew the following spells:

 Your Spells              Type           Power      Damage    Failure   Level
a - Summon Small Mammal   Summ           92%        N/A       24%         1

Your spell library contained the following spells:

 Spells                   Type           Power      Damage    Failure   Level
 Call Imp                 Summ           23%        N/A       36%         2
 Call Canine Familiar     Summ           23%        N/A       58%         3
 Summon Guardian Golem    Hex/Summ       13%        N/A       97%         3
 Gell's Gravitas          Tloc           1%         N/A       100%        3
 Lesser Beckoning         Tloc           1%         N/A       100%        3
 Teleport Other           Tloc           3%         N/A       100%        3
 Summon Lightning Spire   Summ/Air       13%        N/A       100%        4


Dungeon Overview and Level Annotations

Branches:
Dungeon (1/15)

Altars:


Innate Abilities, Weirdness & Mutations

You have very sharp teeth.
Your uncanny sense of smell can sniff out nearby items.
Your experience applies equally to all skills.


Message History

The ball python constricts you.
You are too injured to fight recklessly!
You are too injured to fight recklessly!
You are too injured to fight recklessly!
You are too injured to fight recklessly!
You are too injured to fight recklessly!
You are too injured to fight recklessly!
You are too injured to fight recklessly!
You are too injured to fight recklessly!
You are too injured to fight recklessly!
You are too injured to fight recklessly!
You are too injured to fight recklessly!
You are too injured to fight recklessly!
You are too injured to fight recklessly!
You are too injured to fight recklessly!
Unknown command.
You are too injured to fight recklessly!
You are too injured to fight recklessly!
Your shield prevents you from hitting the ball python.
The ball python bites you but does no damage.
The ball python constricts you. The ball python bites you.
The ball python constricts you.
You closely miss the ball python.
The ball python bites you but does no damage.
The ball python constricts you. The ball python barely misses you.
The ball python constricts you.
Your shield prevents you from hitting the ball python.
Your bite misses the ball python. The ball python bites you.
* * * LOW HITPOINT WARNING * * *
The ball python constricts you.
You barely miss the ball python.
You bite the ball python, but do no damage.
The ball python bites you.
* * * LOW HITPOINT WARNING * * *
The ball python constricts you. You block the ball python's attack.
The ball python constricts you.
You closely miss the ball python. You block the ball python's attack.
The ball python constricts you. You block the ball python's attack.
The ball python constricts you.
You die...

∆ ... ... .## ). ### ...
..#.. .. ... .#.##.#
.r.... #S##.# #@##.#
#.##.######.
#.##........(##
#..............
..#######.........#
.........#........# #.
...######.#........# #.
..........+........+ #.
#########.#........####.


You could see a ball python and a rat.

Vanquished Creatures
  A bat (D:1)
  2 goblins (D:1)
  A hobgoblin (D:1)
  A rat (D:1)
5 creatures vanquished.

Notes
Turn   | Place    | Note
-------+----------+-------------------------------------------
     0 | D:1      | zeram the Gnoll Summoner began the quest for the Orb.
     0 | D:1      | Reached XP level 1. HP: 13/13 MP: 6/6
   369 | D:1      | Constricted to death by a ball python

Illustrated notes

Levels and vault maps discovered:
D:1:      roderic_dead_forest, layout_basic

Action                   || total
-------------------------++-------
Melee: Spear             ||    23
       Bite              ||     3
 Stab: Sleeping          ||     2
Armor: Robe              ||     5
Dodge: Dodged            ||     2
Block: Tower shield      ||    14
